 Dungeon Crawl Stone Soup version 0.31-a0-1074-g0b22e4e0f1 (console) character file.

Game seed: 16163653120482135121

9 petzl the Sneak (level 2, -11/23 (24) HPs)
             Began as a Formicid Delver on Nov 27, 2023.
             Was an Initiate of Vehumet.
             Mangled by an iguana (13 damage)
             ... on level 5 of the Dungeon.
             The game lasted 00:09:57 (953 turns).

petzl the Sneak (Formicid Delver)                    Turns: 953, Time: 00:09:57

HP:   -11/23 (24)   AC:  3    Str: 19    XL:     2   Next: 20%
MP:   2/2           EV: 12    Int:  9    God:    Vehumet [......]
Gold: 73            SH:  0    Dex: 15    Spells: 2/2 levels left

rFire   . . .        a - +3 dagger {heavy, Str+3, !f =f}
rCold   . . .        (no shield)
rNeg    . . .        b - +0 leather armour
rPois   .            (helmet unavailable)
rElec   .            (no cloak)
rCorr   .            (no gloves)
SInv    +            (no boots)
Will    .....        (no amulet)
Stlth   +++          (no ring)
HPRegen 0.23/turn    (no ring)
MPRegen 0.08/turn

%: no passive effects
@: lightly drained
A: permanent stasis, dig shafts and tunnels, antennae 3, four strong arms
a: Dig, Shaft Self, Renounce Religion


You were on level 5 of the Dungeon.
You worshipped Vehumet.
Vehumet was noncommittal.
You visited 1 branch of the dungeon, and saw 8 of its levels.

You collected 73 gold pieces.

Inventory:

Hand Weapons
 a - the +3 dagger "Enahedd" (weapon) {heavy, Str+3, !f =f}
   (You found it on level 6 of the Dungeon)

   Str+3:     It affects your strength (+3).
 k - a +0 mace
Missiles
 h - 6 poisoned darts
Armour
 b - a +0 leather armour (worn)
 g - a +0 pair of boots
Wands
 f - a wand of digging (3)
Scrolls
 c - a scroll of fog
 d - a scroll of revelation
 e - a scroll of amnesia {unknown}
 i - a scroll of teleportation {unknown}
Potions
 j - a potion of curing {unknown}
 l - a potion of brilliance {unknown}


   Skills:
 - Level 3.2 Fighting
 - Level 2.0 Maces & Flails
 + Level 0.7 Armour
 + Level 2.0 Dodging
 - Level 6.0 Stealth
 + Level 0.6 Spellcasting
 + Level 0.7 Evocations


You had 2 spell levels left.
You didn't know any spells.
Your spell library contained the following spells:

 Spells                   Type           Power      Damage    Failure   Level
 Cigotuvi's Dreadful Rot  Necr/Pois/Air  0%         N/A       56%         2
 Animate Dead             Necr           0%         N/A       99%         4
 Dispel Undead            Necr           0%         3d6       99%         4
 Arcjolt                  Conj/Air       0%         1d10      100%        5
 Borgnjor's Vile Clutch   Necr/Erth      0%         N/A       100%        5
 Death Channel            Necr           0%         N/A       100%        6
 Maxwell's Capacitive Co  Air            0%         ∞         100%        8
 Vhi's Electric Charge    Tloc/Air       Unusable   N/A       N/A         4

Dungeon Overview and Level Annotations

Branches:
Dungeon (11/15)
 Temple: D:4-7         Lair: D:8-11         Orc: D:9-12

Altars:
Vehumet

Annotations:
D:5 exclusion: iguana
D:6 exclusions: downstairs, jelly and 2 sensed monsters (detected)
D:8 exclusion: bullfrog
D:11 Erica


Innate Abilities, Weirdness & Mutations

You cannot be hasted, slowed, berserked, paralysed or teleported.
You can dig through walls and to a lower floor.
You have a pair of large antennae on your head. (SInv)
Your four strong arms can wield two-handed weapons with a shield.


Message History

You begin to dig a shaft.
You continue digging a shaft.
The phantom hits you.
* * * LOW HITPOINT WARNING * * *
A shaft appears beneath you!
You fall into a shaft and drop 1 floor!
The shaft crumbles and collapses.
Level annotation: exclusion: iguana You start resting.
HP restored.
There is a stone staircase leading down here.
You climb downwards.
Level annotation: exclusions: downstairs, jelly and 2 sensed monsters (detected)
There is a stone staircase leading up here.
There is a stone staircase leading up here.
You climb upwards.
Level annotation: exclusion: iguana
There is a stone staircase leading down here.
An iguana is nearby!
An iguana is nearby!
The iguana hisses angrily.
The iguana attacks as it pursues you! The iguana bites you.
You hit the iguana but do no damage. You punch the iguana.
The iguana is moderately wounded.
The iguana bites you!
Ouch! That really hurt!
You hit the iguana.
The iguana is heavily wounded.
The iguana bites you but does no damage.
The iguana misses you.
You hit the iguana but do no damage.
The iguana is heavily wounded.
The iguana bites you!
* * * LOW HITPOINT WARNING * * *
Okay, then.
Unknown command.
You hit the iguana.
The iguana is severely wounded.
The iguana bites you!
Ouch! That really hurt!
You die...

#...#.##.....# #.#......#.#^##
##...#.####..#.#####
##......####.###....#
#.............#.###.#
#..#.##.######.####.# #..#.##.#
#......##.# #..#.##.# #......##.#
#.......###......##.#
#........##......####
#.#..#.#.##......#
#.#..#.#.##......#
#.#..#...........#
#.#..#.#.######### #......#.#
###......# ##.#.################
########.#.## #...........#
......##>...###.###@#......
.####.####.........l#..##..
....#.# ##............# .##.#.#
#####.#...#.## .##.#.####
#...)...### .........#
###......... #.# ##..####.#
#...########.##### #..####.###
#...# #..h...# ...........# #...#
#......#
...K#.##.#.######...#######.#....#
.. #
#.#........!.........#....###. KK
K..............................[.
{ #K####..............l..!.O...#
#.######...#########.#### ...#
#...# #.# ##### ..### #...# #.#
....####.# ##...# #.# ###...##.#
.....# #.######### ..#.#.##.#
...## #..........


You could see an iguana.

Vanquished Creatures
  An adder (D:5)
1 creature vanquished.

Notes
Turn   | Place    | Note
-------+----------+-------------------------------------------
     0 | D:5      | petzl the Formicid Delver began the quest for the Orb.
     0 | D:5      | Reached XP level 1. HP: 18/18 MP: 1/1
    55 | D:5      | Noticed an iguana
   202 | D:5      | Noticed a phantom
   207 | D:5      | You fall into a shaft and drop 3 floors!
   209 | D:8      | Noticed a bullfrog
   229 | D:10     | Entered Level 10 of the Dungeon
   239 | D:11     | Noticed Erica
   339 | D:7      | Noticed a sky beast
   339 | D:7      | Noticed an iguana
   343 | D:7      | Noticed a gnoll bouda
   465 | D:6      | Noticed a jelly
   552 | D:6      | Found a radiant altar of Vehumet.
   562 | D:6      | Became a worshipper of Vehumet
   578 | D:6      | Identified the +3 dagger "Enahedd" {heavy, Str+3}
   613 | D:7      | Noticed an orc priest
   704 | D:5      | Reached XP level 2. HP: 24/24 MP: 2/2
   742 | D:5      | Noticed a kobold brigand
   777 | D:5      | Noticed an ogre
   801 | D:6      | Noticed a steam dragon
   827 | D:4      | You fall into a shaft and drop 1 floor!
   952 | D:5      | HP: 1/23 [iguana (9)]
   953 | D:5      | Mangled by an iguana

Illustrated notes

Levels and vault maps discovered:
D:4:      kennysheep_slugbush, layout_loops_ring, grunt_gozag_statues,
          grunt_ministairs_5
D:5:      layout_loops_cross, nicolae_ossuary_entry_catacombs,
          hangedman_decor_growths, feat_on_display, uniq_crazy_yiuf_cottage
D:6:      layout_loops_ring, vehumet_crystals
D:7:      layout_rooms, minmay_temple_entry_hall,
          serial_library_hellmonk_big_corner, uniq_maggie, uniq_prince_ribbit1,
          uniq_pikel
D:8:      minmay_skewed_foursquare, layout_basic,
          nicolae_overflow_hidden_temple, fedhas_altar_3, enter_bailey_4,
          serial_bayou_lagoon_a
D:9:      layout_roguey, marbit_many_paths, serial_shops, shop, chequers_garden
D:10:     layout_irregular_city, lemuel_doored_altar, serial_glass,
          glass_columns_b, glass_columns_b, minmay_strange_pillars,
          ebering_ghost_rock_garden, uniq_sonja, uniq_nergalle
D:11:     layout_cave_pools, lair_entry_dummy, uniq_erica

Skill      XL: |  1 |
---------------+----+-----
Dodging        | 2 |  2.0
Fighting       | |  3.2
Maces & Flails | |  2.0
Armour         | |  0.7
Stealth        | |  6.0
Spellcasting   | |  0.6
Evocations     | |  0.7

Action                     || total
---------------------------++-------
  Melee: Dagger            ||     9
         Punch             ||     1
Ability: Shaft Self        ||     2
         Dig               ||     1
    Use: Scroll            ||     2
 Armour: Leather armour    ||    22
  Dodge: Dodged            ||    18

Table legend: (Time is in decaauts)
 A = Elapsed time spent in this place.
 B = Non-inter-level travel time spent in this place.
 C = Inter-level travel time spent in this place.
 D = Time resting spent in this place.
 E = Time spent auto-exploring this place.
 F = Levels seen in this place.
 G = Mean time per level.
                   A        B        C        D        E       F      G
               +--------+--------+--------+--------+--------+-----+--------+
         Total |    959 |    926 |     33 |    163 |    223 |   8 |  119.9 |
       Dungeon |    959 |    926 |     33 |    163 |    223 |   8 |  119.9 |
               +--------+--------+--------+--------+--------+-----+--------+

Top non-repeatable levels by time:
     D:5: 476 daAuts
     D:6: 312 daAuts
    D:10: 69 daAuts
     D:7: 30 daAuts
     D:8: 29 daAuts
     D:9: 21 daAuts
    D:11: 10 daAuts
     D:4: 8 daAuts
